[Event "Late-Titled-Tuesday-Blitz-March-19-2024"]
[Site "Chess.com"]
[Date "2024.03.19"]
[Round "1"]
[White "DryCounty"]
[Black "EcosseKillie"]
[Result "1-0"]
[WhiteElo "2645"]
[BlackElo "2307"]
[TimeControl "180+1"]
[EndTime "14:01:45 PDT"]
[Termination "DryCounty won by resignation"]

1. e4 Nf6 2. e5 Nd5 3. d4 d6 4. c4 Nb6 5. exd6 exd6 6. Nc3 Be7 7. Nf3 O-O 8. Bd3 Nc6 9. O-O Bg4 10. Be3 Bf6 11. h3 Bxf3 12. Qxf3 Nxd4 13. Bxd4 Bxd4 14. Qe4 1-0

[Event "Late-Titled-Tuesday-Blitz-March-19-2024"]
[Site "Chess.com"]
[Date "2024.03.19"]
[Round "1"]
[White "GotCheeseCheckers"]
[Black "ViIIagra"]
[Result "0-1"]
[WhiteElo "2525"]
[BlackElo "2932"]
[TimeControl "180+1"]
[EndTime "14:02:09 PDT"]
[Termination "ViIIagra won by resignation"]

1. e4 d6 2. Nf3 Nf6 3. Nc3 Nbd7 4. Bc4 Nb6 5. Bb3 c5 6. d3 g6 7. h3 Bg7 8. e5 dxe5 9. Nxe5 O-O 10. Be3 Nfd5 11.
d4 Nxe3 12. fxe3 Bxe5 13. dxe5 c4 0-1

[Event "Late-Titled-Tuesday-Blitz-March-19-2024"]
[Site "Chess.com"]
[Date "2024.03.19"]
[Round "1"]
[White "Kiborg95"]
[Black "PapaieDudu"]
[Result "1-0"]
[WhiteElo "2765"]
[BlackElo "2455"]
[TimeControl "180+1"]
[EndTime "14:02:31 PDT"]
[Termination "Kiborg95 won by resignation"]

1. e4 c5 2. Nc3 a6 3. g3 e6 4. Bg2 Ne7 5. Nge2 d5 6. exd5 exd5 7. d4 Nbc6 8. O-O Bg4 9. h3 Bh5 10. g4 Bg6 11. Be3 h5 12. g5 cxd4 13. Nxd4 Qd7 14. Nxc6 bxc6 15. Re1 O-O-O 16. Na4 Nf5 17. Nb6+ 1-0

[Event "Late-Titled-Tuesday-Blitz-March-19-2024"]
[Site "Chess.com"]
[Date "2024.03.19"]
[Round "1"]
[White "Zeitnot593"]
[Black "Bilan_Danila"]
[Result "0-1"]
[WhiteElo "2275"]
[BlackElo "2630"]
[TimeControl "180+1"]
[EndTime "14:02:36 PDT"]
[Termination "Bilan_Danila won by resignation"]

1. d4 d5 2. e3 c5 3. Nf3 Nf6 4. Bd3 Nc6 5. a3 c4 6. Be2 Bf5 7. O-O h6 8. Nbd2 e6 9. Ne5 Nxe5 10. dxe5 Nd7 11. Nf3 Qc7 12. Qd4 Bxc2 13. Bd2 Nc5 14. Qg4 Bf5 15. Qg3 Ne4 16. Qf4 g5 0-1

[Event "Late-Titled-Tuesday-Blitz-March-19-2024"]
[Site "Chess.com"]
[Date "2024.03.19"]
[Round "1"]
[White "Zampronha1971"]
[Black "aistrel"]
[Result "0-1"]
[WhiteElo "2297"]
[BlackElo "2642"]
[TimeControl "180+1"]
[EndTime "14:03:01 PDT"]
[Termination "aistrel won by resignation"]

1. e4 c6 2. d4 d5 3. e5 Bf5 4.
Nc3 e6 5. g4 Bg6 6. Nge2 c5 7. h4 h5 8. Nf4 Bh7 9. Nxh5 cxd4 10.
Nb5 Nc6 11. Nxd4 a6 12. Nxc6 bxc6 13. c4 Bb4+ 14. Bd2 Qa5 15. Nxg7+ Kf8 16. Nh5 Ne7 17. Nf6 Be4 18. f3 Bxf3 19. Bxb4 Qxb4+ 20. Qd2 Qxd2+ 21. Kxd2 Bxh1 22. Be2 Rxh4 0-1

[Event "Late-Titled-Tuesday-Blitz-March-19-2024"]
[Site "Chess.com"]
[Date "2024.03.19"]
[Round "1"]
[White "JoakimVonAnd"]
[Black "Hui_Li_Macau"]
[Result "1-0"]
[WhiteElo "2709"]
[BlackElo "2398"]
[TimeControl "180+1"]
[EndTime "14:03:14 PDT"]
[Termination "JoakimVonAnd won by resignation"]

1. d4 d5 2. Nf3 Nf6 3. Bf4 c5 4. e3 Nc6 5. Nbd2 Qb6 6. dxc5 Qxb2 7. Rb1 Qc3 8. Bb5 e6 9. O-O Be7 10. e4 O-O 11. e5 Nd7 12. Nb3 Ndxe5 13. Nxe5 Nxe5 14.
Bd2 Nf3+ 15. Qxf3 Qxf3 16. gxf3 b6 17. Bc6 Rb8 18. Bf4 Ba6 19. Bxb8 Bxf1 20. Bxa7 1-0

[Event "Late-Titled-Tuesday-Blitz-March-19-2024"]
[Site "Chess.com"]
[Date "2024.03.19"]
[Round "1"]
[White "balack95"]
[Black "Rodalquilar"]
[Result "0-1"]
[WhiteElo "2464"]
[BlackElo "2786"]
[TimeControl "180+1"]
[EndTime "14:03:17 PDT"]
[Termination "Rodalquilar won by resignation"]

1. d4 d5 2. c4 e6 3. Nc3 a6 4.
cxd5 exd5 5. Bf4 Nf6 6. Nf3 Bd6 7. Bg3 O-O 8. e3 Bxg3 9. hxg3 Re8 10. Qc2 h6 11.
Bd3 Nc6 12. a3 Qe7 13. O-O Bg4 14. b4 Rad8 15. b5 axb5 16. Nxb5 Ne4 17. Bxe4 dxe4 18. Ne5 Nxe5 19. dxe5 Qxe5 20. Nxc7 Rc8 21. Rac1 Re7 22. Nd5 Qxd5 23. Qxc8+ Bxc8 24. Rxc8+ Kh7 25. Rc3 h5 26. Rfc1 Qg5 27. Rc5 Re5 28. Rc7 h4 29. gxh4 Qxh4 30. Rxb7 Rh5 0-1

[Event "Late-Titled-Tuesday-Blitz-March-19-2024"]
[Site "Chess.com"]
[Date "2024.03.19"]
[Round "1"]
[White "WindWhistler11"]
[Black "Marcan2b"]
[Result "0-1"]
[WhiteElo "2520"]
[BlackElo "2915"]
[TimeControl "180+1"]
[EndTime "14:03:35 PDT"]
[Termination "Marcan2b won by resignation"]

1. Nf3 d6 2. g3 Nf6 3. d3 g6 4.
Nbd2 Bg7 5. Bg2 O-O 6. O-O c5 7. c4 Nc6 8. a3 Rb8 9. Rb1 b5 10.
cxb5 Rxb5 11. b3 Bg4 12. h3 Bd7 13. e3 Rb8 14. Qc2 e5 15. Nc4 Be6 16. Bd2 Qd7 17. Rfd1 Bxh3 18. Bxh3 Qxh3 19. Nxd6 Ng4 20. Ne4 h6 21.
Qxc5 Rbc8 22. Qd5 Rfd8 23. Nd6 Rxd6 24. Qxd6 e4 25. dxe4 Nce5 0-1

[Event "Late-Titled-Tuesday-Blitz-March-19-2024"]
[Site "Chess.com"]
[Date "2024.03.19"]
[Round "1"]
[White "Joachim100x"]
[Black "Adar_07"]
[Result "0-1"]
[WhiteElo "2498"]
[BlackElo "2855"]
[TimeControl "180+1"]
[EndTime "14:03:38 PDT"]
[Termination "Adar_07 won by resignation"]

1. e4 e6 2. b3 d5 3. Bb2 dxe4 4. Nc3 Nf6 5. Qe2 Nc6 6. Nxe4 Nd4 7. Nxf6+ gxf6 8. Qd3 e5 9. Bxd4 Qxd4 10. Qxd4 exd4 11.
Nf3 c5 12. Bc4 Be6 13. O-O-O Rg8 14. Bxe6 fxe6 15. g3 Kd7 16. d3 a5 17. Rhe1 a4 18. Kb2 Bd6 19. c3 axb3 20. axb3 dxc3+ 21. Kxc3 Ra2 22. Rd2 Rga8 23. Ree2 Ra1 24. Re1 Rxe1 25. Nxe1 Be5+ 26. Kc2 Ra2+ 27. Kd1 Ra1+ 28. Ke2 Bc3 29. Rd1 Ra2+ 30. Kf1 Bd4 0-1

[Event "Late-Titled-Tuesday-Blitz-March-19-2024"]
[Site "Chess.com"]
[Date "2024.03.19"]
[Round "1"]
[White "DanielNaroditsky"]
[Black "korkmaz16"]
[Result "1-0"]
[WhiteElo "3165"]
[BlackElo "2567"]
[TimeControl "180+1"]
[EndTime "14:03:44 PDT"]
[Termination "DanielNaroditsky won by resignation"]

1. e4 e5 2. Nf3 Nc6 3. Nc3 Nf6 4.
g3 d5 5. exd5 Nxd5 6. Bg2 Nxc3 7. bxc3 Bd6 8. O-O O-O 9. d4 Re8 10. Re1 Bg4 11. h3 Bh5 12. g4 Bg6 13. Be3 h6 14. Nd2 exd4 15. cxd4 Qf6 16. c3 Bf4 17. Qf3 Bxe3 18. Qxf6 gxf6 19. fxe3 Na5 20. e4 Rad8 21. Rf1 Kg7 22. h4 h5 23. gxh5 Bxh5 24. Rf5 Bg6 25. Rxa5 1-0

[Event "Late-Titled-Tuesday-Blitz-March-19-2024"]
[Site "Chess.com"]
[Date "2024.03.19"]
[Round "1"]
[White "KuzubovYuriy"]
[Black "Pawngobblerx2000"]
[Result "1-0"]
[WhiteElo "2899"]
[BlackElo "2518"]
[TimeControl "180+1"]
[EndTime "14:03:48 PDT"]
[Termination "KuzubovYuriy won by resignation"]

1. d4 d5 2. c4 c6 3. Nf3 Nf6 4. Nc3 e6 5. e3 Nbd7 6. Be2 dxc4 7. a4 Bb4 8. Bxc4 O-O 9. O-O Qe7 10. Qb3 a5 11. e4 Bxc3 12. bxc3 Nxe4 13. Re1 Nef6 14.
Ba3 c5 15. Rad1 Re8 16. h3 Qf8 17. dxc5 Nxc5 18. Qb5 Nfd7 19. Ne5 Nxe5 20. Rxe5 1-0

[Event "Late-Titled-Tuesday-Blitz-March-19-2024"]
[Site "Chess.com"]
[Date "2024.03.19"]
[Round "1"]
[White "WilsonPalencia21"]
[Black "gorgeous1083"]
[Result "1-0"]
[WhiteElo "2583"]
[BlackElo "2059"]
[TimeControl "180+1"]
[EndTime "14:03:50 PDT"]
[Termination "WilsonPalencia21 won by resignation"]

1. d4 Nf6 2. c4 e6 3. Nf3 d5 4.
Nc3 Be7 5. Bg5 O-O 6. e3 c6 7.
Qc2 Nbd7 8. O-O-O h6 9. h4 Re8 10. Bxf6 Nxf6 11. Ne5 Bd7 12. g4 Nh7 13. Bd3 Nf8 14.
g5 h5 15. g6 f6 16. Nf7 Qc7 17. Qe2 dxc4 18. Qxh5 1-0

[Event "Late-Titled-Tuesday-Blitz-March-19-2024"]
[Site "Chess.com"]
[Date "2024.03.19"]
[Round "1"]
[White "BilicVladimir"]
[Black "Bkmzzzzz"]
[Result "1-0"]
[WhiteElo "2705"]
[BlackElo "2394"]
[TimeControl "180+1"]
[EndTime "14:04:02 PDT"]
[Termination "BilicVladimir won by resignation"]

1. e4 d6 2. d4 Nf6 3. Bd3 e5 4. c3 Be7 5. Nf3 Nbd7 6. Nbd2 O-O 7. O-O c6 8. a4 a5 9. Re1 Qc7 10. Qc2 Re8 11. b3 b6 12. Bb2 Bb7 13. Rad1 Bf8 14. h3 Rad8 15. Nf1 h6 16. Ng3 g6 17. Bc1 Bg7 18. Bd2 d5 19. dxe5 Nxe5 20. Nxe5 Qxe5 21.
f4 Qc7 22. e5 Nd7 23. e6 Nf8 24. exf7+ Qxf7 25. Rxe8 Rxe8 26. Rf1 Nd7 27. Bxg6 Qf6 28. Bxe8 1-0

[Event "Late-Titled-Tuesday-Blitz-March-19-2024"]
[Site "Chess.com"]
[Date "2024.03.19"]
[Round "1"]
[White "AndresDelgado77"]
[Black "Alexei_Gubajdullin"]
[Result "0-1"]
[WhiteElo "2340"]
[BlackElo "2658"]
[TimeControl "180+1"]
[EndTime "14:04:12 PDT"]
[Termination "Alexei_Gubajdullin won by checkmate"]

1. e4 g6 2. d4 Bg7 3. Nf3 d6 4.
Bc4 a6 5. O-O e6 6. Bb3 Ne7 7.
h4 h6 8. Be3 b6 9. e5 Bb7 10. exd6 cxd6 11. c4 Nd7 12. Nc3 O-O 13. Qd2 Nf5 14. g3 Bxf3 15. d5 exd5 16. cxd5 Ne5 17. g4 Qxh4 18. gxf5 Qh1# 0-1

[Event "Late-Titled-Tuesday-Blitz-March-19-2024"]
[Site "Chess.com"]
[Date "2024.03.19"]
[Round "1"]
[White "Jospem"]
[Black "ACollins05"]
[Result "1-0"]
[WhiteElo "3058"]
[BlackElo "2556"]
[TimeControl "180+1"]
[EndTime "14:04:13 PDT"]
[Termination "Jospem won by resignation"]

1. e4 c5 2. Nf3 d6 3. c3 Nf6 4. h3 Nc6 5. Bd3 e5 6. Bc2 Be7 7. O-O O-O 8. d3 d5 9. Nbd2 h6 10. Re1 dxe4 11. dxe4 Be6 12. Qe2 Qc7 13. Bb3 Bxb3 14.
axb3 a6 15. Nf1 Rad8 16. Ng3 Rfe8 17. Nh4 Bf8 18. Qf3 Re6 19. Nhf5 Kh7 20. Ne3 Ne7 21. Ngf5 Nxf5 22. Nxf5 g6 23. Ne3 Bg7 24. c4 Rd3 25.
Nd5 Nxd5 26. Qxd3 Nb4 27. Qe2 Rd6 28. Be3 Rd3 29. Red1 Rxb3 30. Rd2 Nc6 31. Qd1 Rb4 32. Rd7 Qb6 33. Rxf7 Nd4 34. Qg4 Rxb2 35. Bxd4 Rb1+ 36. Kh2 exd4 37. Rxb1 Qxb1 38. Qd7 1-0

[Event "Late-Titled-Tuesday-Blitz-March-19-2024"]
[Site "Chess.com"]
[Date "2024.03.19"]
[Round "1"]
[White "Gerasimenyuk_Miha"]
[Black "kleinebeer98"]
[Result "0-1"]
[WhiteElo "2503"]
[BlackElo "2864"]
[TimeControl "180+1"]
[EndTime "14:04:16 PDT"]
[Termination "kleinebeer98 won by resignation"]

1. d4 Nf6 2. Nf3 Nc6 3. Bg5 Ne4 4. Bh4 d5 5. e3 Bf5 6. Nbd2 Qd6 7. Nxe4 Bxe4 8. Bd3 Qb4+ 9. c3 Qxb2 10. Bxe4 Qxc3+ 11.
Nd2 dxe4 12. O-O e6 13. Nxe4 Qc4 14. Rb1 Rb8 15. Qf3 Qd5 16. Rfc1 f5 17. Rxc6 fxe4 18. Qg4 Qxc6 19. Qh5+ g6 20. Qe5 Rg8 21. d5 Qxd5 22.
Qxc7 Bd6 23. Qxh7 Rf8 24. Qxg6+ Kd7 25. Qg7+ Kc6 26. Rc1+ Kb6 27. Qb2+ Ka6 0-1

[Event "Late-Titled-Tuesday-Blitz-March-19-2024"]
[Site "Chess.com"]
[Date "2024.03.19"]
[Round "1"]
[White "jcibarra"]
[Black "DeArron_Fox"]
[Result "1-0"]
[WhiteElo "2930"]
[BlackElo "2524"]
[TimeControl "180+1"]
[EndTime "14:04:19 PDT"]
[Termination "jcibarra won on time"]

1. e4 c5 2. Nf3 e6 3. d4 cxd4 4. Nxd4 a6 5. c4 Nf6 6. Nc3 Bb4 7. Qc2 Qc7 8. a3 Bc5 9. Nb3 Be7 10. c5 O-O 11. Be2 Bxc5 12. Nxc5 Qxc5 13. Be3 Qc7 14.
Rc1 d6 15. O-O Nc6 16. Rfd1 Rd8 17. Bg5 Qe7 18. f4 h6 19. Bh4 Bd7 20. Qd2 Be8 21.
Qe3 1-0

[Event "Late-Titled-Tuesday-Blitz-March-19-2024"]
[Site "Chess.com"]
[Date "2024.03.19"]
[Round "1"]
[White "Tugrik1969"]
[Black "GaiozNigalidze"]
[Result "0-1"]
[WhiteElo "2399"]
[BlackElo "2710"]
[TimeControl "180+1"]
[EndTime "14:04:19 PDT"]
[Termination "GaiozNigalidze won by resignation"]

1. d4 Nf6 2. c4 e6 3. Nf3 d5 4. g3 Be7 5. Bg2 O-O 6. O-O c5 7. cxd5 exd5 8. dxc5 Bxc5 9. a3 Nc6 10. b4 Bb6 11.
Nc3 h6 12. Bb2 a6 13. Na4 Ba7 14. Nd4 Ne5 15. Ne6 Bxe6 16. Bxe5 Ne4 17. Rc1 Rc8 18. Qd3 Rxc1 19. Rxc1 Nxf2 20. Qb3 0-1

[Event "Late-Titled-Tuesday-Blitz-March-19-2024"]
[Site "Chess.com"]
[Date "2024.03.19"]
[Round "1"]
[White "thesupera12"]
[Black "bascheyaro"]
[Result "0-1"]
[WhiteElo "2459"]
[BlackElo "2781"]
[TimeControl "180+1"]
[EndTime "14:04:24 PDT"]
[Termination "bascheyaro won by checkmate"]

1. b3 e5 2. Bb2 Nc6 3. e3 Nf6 4. Bb5 d6 5. Nf3 Be7 6. h3 Bd7 7. O-O a6 8. Bxc6 Bxc6 9. d4 e4 10. Nfd2 d5 11. c4 O-O 12. Nc3 Re8 13. cxd5 Bxd5 14.
Rc1 c6 15. Nxd5 Qxd5 16. Qe2 Rad8 17. Nc4 Qf5 18. Bc3 Nd5 19. Ba5 Rd7 20. Nb6 Nxb6 21. Bxb6 Rd5 22. Rc4 Rb5 23. Bc7 Rc8 24.
Bg3 h5 25. Rfc1 Qe6 26. a4 Rf5 27. b4 Rd8 28. Bc7 Rdd5 29. Bb6 Rg5 30. Kh1 Rg6 31. Bc5 Rdg5 32. Rg1 Qxh3+ 33. gxh3 Rxg1+ 34. Kh2 R6g2# 0-1

[Event "Late-Titled-Tuesday-Blitz-March-19-2024"]
[Site "Chess.com"]
[Date "2024.03.19"]
[Round "1"]
[White "DavidGavrilescu18"]
[Black "Aram7Adam"]
[Result "1-0"]
[WhiteElo "2760"]
[BlackElo "2440"]
[TimeControl "180+1"]
[EndTime "14:04:25 PDT"]
[Termination "DavidGavrilescu18 won by checkmate"]

1. e4 c5 2. Nf3 Nc6 3. Bb5 e6 4. O-O Nge7 5. d4 cxd4 6. Nxd4 Qb6 7. Bxc6 Nxc6 8. Nxc6 bxc6 9. c4 Be7 10. Nc3 O-O 11. Rb1 e5 12. Be3 Qa5 13. Qd2 Bb4 14. Rfc1 Bxc3 15.
Rxc3 Qxa2 16. Rbc1 Qa5 17. h4 Rb8 18. h5 f5 19.
exf5 d5 20. cxd5 cxd5 21. Bh6 Bxf5 22. Bxg7 Kxg7 23. Rg3+ Kh8 24. Qxa5 Rxb2 25. Qc7 Re2 26. Qg7# 1-0

[Event "Late-Titled-Tuesday-Blitz-March-19-2024"]
[Site "Chess.com"]
[Date "2024.03.19"]
[Round "1"]
[White "Hrant_ChessMood"]
[Black "pooh2012"]
[Result "1-0"]
[WhiteElo "2959"]
[BlackElo "2536"]
[TimeControl "180+1"]
[EndTime "14:04:26 PDT"]
[Termination "Hrant_ChessMood won by resignation"]

1. c4 e6 2. Nf3 Nf6 3. b3 b6 4. Bb2 Bb7 5. g3 Be7 6. Bg2 O-O 7. O-O d6 8. d4 Nbd7 9. Re1 c5 10. Nc3 cxd4 11. Qxd4 a6 12. e4 Qc7 13. Rac1 Rfd8 14. h3 Rac8 15. Qe3 Ne5 16. Nd4 Nc6 17. Nd5 exd5 18. cxd5 Qd7 19. dxc6 Bxc6 20. Nxc6 Rxc6 21.
Rxc6 Qxc6 22. e5 Nd5 23. Qd2 dxe5 24. Rxe5 1-0

[Event "Late-Titled-Tuesday-Blitz-March-19-2024"]
[Site "Chess.com"]
[Date "2024.03.19"]
[Round "1"]
[White "Lion-Al-Messi"]
[Black "wallowss"]
[Result "1-0"]
[WhiteElo "2589"]
[BlackElo "2099"]
[TimeControl "180+1"]
[EndTime "14:04:26 PDT"]
[Termination "Lion-Al-Messi won by resignation"]

1. e4 g6 2. d4 Bg7 3. Nc3 c5 4. d5 d6 5. Nf3 e6 6. Bd3 Ne7 7. O-O O-O 8. Re1 a6 9. dxe6 fxe6 10. a4 b6 11. Bg5 Bb7 12. Qd2 Qd7 13. Rad1 Nbc6 14.
Bc4 Nd4 15. Nxd4 Bxd4 16. Be3 Bg7 17. Qxd6 Qxd6 18. Rxd6 Bc8 19. Rxb6 Kf7 20. Bxc5 Re8 21. Re3 Bxc3 22. Rxc3 Ng8 23. Rf3+ Kg7 24. Bd4+ e5 25. Rf7+ Kh6 26. Be3+ Kh5 27. Rxh7+ 1-0

[Event "Late-Titled-Tuesday-Blitz-March-19-2024"]
[Site "Chess.com"]
[Date "2024.03.19"]
[Round "1"]
[White "mbachez"]
[Black "cristiano78"]
[Result "1-0"]
[WhiteElo "2628"]
[BlackElo "2273"]
[TimeControl "180+1"]
[EndTime "14:04:28 PDT"]
[Termination "mbachez won by resignation"]

1. e4 c5 2. Nf3 d6 3. Bb5+ Bd7 4. a4 a6 5. Bc4 Bc6 6. d3 e6 7. O-O Nf6 8. Re1 Be7 9. e5 dxe5 10. Nxe5 O-O 11.
Bg5 Bd5 12. Nc3 Bxc4 13. Nxc4 Nc6 14. a5 Nd4 15. Nb6 Rb8 16. Bf4 Bd6 17. Bg5 Be7 18.
Bxf6 Bxf6 19. Ne4 Be7 20. c3 Nc6 21. Nc4 Qc7 22. Qh5 Rbd8 23. Re3 f5 24. Ng5 Bxg5 25.
Qxg5 Rf6 26. Rae1 Qf7 27. h4 h6 28. Qf4 Kh7 29. Rg3 Rg8 30. Ne5 Nxe5 31. Qxe5 Qe7 32. h5 Rd8 33. Rge3 Rd5 34. Qxd5 1-0

[Event "Late-Titled-Tuesday-Blitz-March-19-2024"]
[Site "Chess.com"]
[Date "2024.03.19"]
[Round "1"]
[White "ValeriyGrinev"]
[Black "JaackCamel"]
[Result "1-0"]
[WhiteElo "2608"]
[BlackElo "2207"]
[TimeControl "180+1"]
[EndTime "14:04:28 PDT"]
[Termination "ValeriyGrinev won by resignation"]

1. d4 d5 2. c4 e6 3. Nc3 c6 4.
e4 dxe4 5. Nxe4 Bb4+ 6. Bd2 Qxd4 7.
Bxb4 Qxe4+ 8. Ne2 Na6 9. Bf8 Ne7 10. Bxg7 Nb4 11. Qd6 Nc2+ 12. Kd2 Nf5 13. Qd3 Qxd3+ 14. Kxd3 Nb4+ 15. Kc3 Nxg7 16. Kxb4 Ke7 17. Ng3 e5 18. Re1 f6 19. f4 a5+ 20. Kc3 Be6 21. fxe5 fxe5 22.
Rxe5 Kf6 23. Re3 h5 24. Bd3 h4 25. Rf1+ Ke7 26. Nf5+ Nxf5 27. Bxf5 Rh6 28. Rfe1 1-0

[Event "Late-Titled-Tuesday-Blitz-March-19-2024"]
[Site "Chess.com"]
[Date "2024.03.19"]
[Round "1"]
[White "ATM622"]
[Black "AlexeiShirov"]
[Result "1-0"]
[WhiteElo "2511"]
[BlackElo "2830"]
[TimeControl "180+1"]
[EndTime "14:04:30 PDT"]
[Termination "ATM622 won by resignation"]

1. d4 d5 2. c4 c6 3. Nf3 Nf6 4. Nbd2 Bf5 5. Nh4 Bg6 6. Qb3 Qb6 7. Qh3 Na6 8. Nxg6 fxg6 9. e3 Nb4 10. Kd1 a5 11. c5 Qc7 12. Qg3 Qd7 13. f3 e6 14. a3 Na6 15. Bxa6 Rxa6 16. Qb8+ Kf7 17. f4 Kg8 18. Nf3 Ng4 19. Rf1 e5 20. h3 e4 21.
Ne5 Nxe5 22. fxe5 Qe7 23. e6 h6 24. Rf7 1-0

[Event "Late-Titled-Tuesday-Blitz-March-19-2024"]
[Site "Chess.com"]
[Date "2024.03.19"]
[Round "1"]
[White "Evgeny81"]
[Black "KetiTsatsalashvili"]
[Result "1-0"]
[WhiteElo "2785"]
[BlackElo "2462"]
[TimeControl "180+1"]
[EndTime "14:04:32 PDT"]
[Termination "Evgeny81 won by resignation"]

1. e4 c5 2. Nf3 d6 3. Bb5+ Bd7 4.
Bxd7+ Nxd7 5. O-O Ngf6 6. Re1 e6 7. b3 Be7 8. Bb2 O-O 9. c4 e5 10. Nc3 g6 11. d3 Nh5 12. Nd5 Bf6 13. b4 b6 14. a4 a5 15. bxa5 bxa5 16. Bc3 Bg7 17. Rb1 Nf4 18. Rb7 Nf6 19. Nxf4 exf4 20. Qa1 Nh5 21. Reb1 g5 22. h3 h6 23. Bxg7 Nxg7 24. e5 Ne6 25. exd6 Qxd6 26. Qf6 Kh7 27.
Rxf7+ Rxf7 28. Qxf7+ Ng7 29. Rb7 Rg8 30. Rd7 Qg6 31.
Qd5 Qf6 32. Qxc5 Rd8 33. Rxd8 Qxd8 34. d4 Ne6 35. Qf5+ 1-0

[Event "Late-Titled-Tuesday-Blitz-March-19-2024"]
[Site "Chess.com"]
[Date "2024.03.19"]
[Round "1"]
[White "CM_rui"]
[Black "Masterisback04"]
[Result "0-1"]
[WhiteElo "2560"]
[BlackElo "1924"]
[TimeControl "180+1"]
[EndTime "14:04:40 PDT"]
[Termination "Masterisback04 won by checkmate"]

1. e4 c5 2. Nf3 Nc6 3. c4 g6 4.
d4 cxd4 5. Nxd4 Bg7 6. Be3 Nf6 7. Nc3 O-O 8. Be2 d6 9. O-O Bd7 10. Rc1 Nxd4 11. Bxd4 Bc6 12. f3 Nd7 13. Bxg7 Kxg7 14. Kh1 a5 15. b3 h5 16. f4 h4 17. h3 Qb6 18. Bd3 Nf6 19. e5 Nh5 20. Kh2 Ng3 21. Rg1 dxe5 22. fxe5 Qd4 23. Re1 Rad8 24. Bb1 Qf4 25.
Qg4 Rd2 26. Nd5 Nf1+ 27. Kg1 Qh2+ 28. Kxf1 Qh1# 0-1

[Event "Late-Titled-Tuesday-Blitz-March-19-2024"]
[Site "Chess.com"]
[Date "2024.03.19"]
[Round "1"]
[White "ChessBrainiacOnTwitch"]
[Black "Vse_po_kaify"]
[Result "1-0"]
[WhiteElo "2820"]
[BlackElo "2489"]
[TimeControl "180+1"]
[EndTime "14:04:41 PDT"]
[Termination "ChessBrainiacOnTwitch won by resignation"]

1. e4 e5 2. Nf3 Nc6 3. Nc3 Nf6 4. a3 a6 5. d4 exd4 6. Nxd4 Nxd4 7. Qxd4 b6 8. e5 Bc5 9. Qf4 Ng8 10. Bc4 Nh6 11. Qe4 Rb8 12. Bxh6 gxh6 13. Nd5 Bb7 14. O-O-O Qg5+ 15. f4 Bxd5 16. Bxd5 Qg6 17. f5 Qg5+ 18. Kb1 Qe3 19. Bxf7+ Kxf7 20. Rxd7+ Kf8 21. Qd5 1-0

[Event "Late-Titled-Tuesday-Blitz-March-19-2024"]
[Site "Chess.com"]
[Date "2024.03.19"]
[Round "1"]
[White "Beca95"]
[Black "chucksterf10"]
[Result "0-1"]
[WhiteElo "2953"]
[BlackElo "2556"]
[TimeControl "180+1"]
[EndTime "14:04:44 PDT"]
[Termination "chucksterf10 won by resignation"]

1. d4 d5 2. c4 c6 3. Nf3 Nf6 4. Nc3 e6 5. Bg5 Nbd7 6. e3 h6 7. Bh4 Be7 8. Qc2 O-O 9. O-O-O b6 10. Rg1 c5 11. g4 cxd4 12. Nxd4 Ne5 13. g5 hxg5 14.
Bxg5 Ba6 15. f4 Nxc4 16. Bxc4 Bxc4 17. Bh6 Ne8 18. Bxg7 Nxg7 19. Rxg7+ Kxg7 20. Rg1+ Kh6 21. Nxe6 Rg8 22. Nxd8 Rxg1+ 23. Nd1 Rxd8 24. Qf2 Rdg8 0-1

[Event "Late-Titled-Tuesday-Blitz-March-19-2024"]
[Site "Chess.com"]
[Date "2024.03.19"]
[Round "1"]
[White "mishanick"]
[Black "bazar-wokzal"]
[Result "1-0"]
[WhiteElo "3129"]
[BlackElo "2565"]
[TimeControl "180+1"]
[EndTime "14:04:46 PDT"]
[Termination "mishanick won by resignation"]

1. d4 Nf6 2. c4 Nc6 3. Nf3 e6 4. e3 Bb4+ 5. Nbd2 a5 6. Bd3 d6 7.
O-O Bxd2 8. Bxd2 e5 9. Qc2 Bg4 10. d5 Ne7 11. Ne1 O-O 12. f3 Bh5 13. Bc3 c6 14. e4 cxd5 15. cxd5 b5 16. a3 b4 17. axb4 Qb6+ 18. Qf2 Qxf2+ 19. Kxf2 axb4 20. Rxa8 Rxa8 21. Bxb4 Ne8 22. Nc2 Bg6 23. Ra1 Rb8 24. Ke3 f5 25.
Ra7 Kf8 26. Ba3 f4+ 27. Kd2 Nc8 28. Ra6 Ke7 29. Nb4 Rb7 30. Ra8 Kd7 31. Ba6 Rc7 32. Nc6 Bf7 33. b4 Nf6 34. b5 Nxd5 35. exd5 Bxd5 36.
Rxc8 Rxc8 37. Bxc8+ Kc7 38. Bf5 1-0

[Event "Late-Titled-Tuesday-Blitz-March-19-2024"]
[Site "Chess.com"]
[Date "2024.03.19"]
[Round "1"]
[White "koncheto"]
[Black "sergiochess83"]
[Result "1-0"]
[WhiteElo "2557"]
[BlackElo "2955"]
[TimeControl "180+1"]
[EndTime "14:04:47 PDT"]
[Termination "koncheto won by resignation"]

1. e4 e6 2. d4 d5 3. Nd2 c5 4. exd5 Qxd5 5. Ngf3 cxd4 6. Bc4 Qd7 7. O-O Nc6 8. Nb3 a6 9. Nbxd4 Nxd4 10.
Nxd4 Qc7 11. Bd3 Bd6 12. h3 Ne7 13. c3 O-O 14. Qf3 Bd7 15. Bg5 Ng6 16. Bc2 Rae8 17. Rad1 h6 18. Bc1 Ne5 19. Qh5 f5 20. Rfe1 Bc8 21.
Bb3 Kh7 22. Re3 Rf6 23. Qxe8 1-0

[Event "Late-Titled-Tuesday-Blitz-March-19-2024"]
[Site "Chess.com"]
[Date "2024.03.19"]
[Round "1"]
[White "IngOscarArdila"]
[Black "mac0504"]
[Result "0-1"]
[WhiteElo "2402"]
[BlackElo "2723"]
[TimeControl "180+1"]
[EndTime "14:04:53 PDT"]
[Termination "mac0504 won by resignation"]

1. d4 b6 2. c4 e6 3. Nf3 Bb7 4. e3 Nf6 5. Be2 Bb4+ 6. Bd2 a5 7. O-O O-O 8. Qc2 d6 9. Nc3 Nbd7 10. a3 Bxc3 11.
Bxc3 Ne4 12. Be1 a4 13. Nd2 f5 14. Nxe4 Bxe4 15. Qd1 Qg5 16. Bf3 Nf6 17. Bxe4 fxe4 18. h3 Nd7 19. Qg4 Qxg4 20. hxg4 Rf6 21. f3 Raf8 22.
Bh4 Rh6 23. Bg5 Rg6 24. Be7 Rf7 25. Bd8 exf3 26. gxf3 Nb8 27. Kg2 h5 28. Kg3 Nc6 29. Bh4 Na5 30. Rac1 hxg4 31. fxg4 Rxf1 32. Rxf1 Nxc4 33.
Rc1 d5 34. Bd8 c6 35. Kf4 Nxb2 36. Rxc6 e5+ 37. dxe5 Rxc6 0-1

[Event "Late-Titled-Tuesday-Blitz-March-19-2024"]
[Site "Chess.com"]
[Date "2024.03.19"]
[Round "1"]
[White "Korchmar_Vasiliy"]
[Black "egnfanclub"]
[Result "1-0"]
[WhiteElo "2699"]
[BlackElo "2390"]
[TimeControl "180+1"]
[EndTime "14:04:53 PDT"]
[Termination "Korchmar_Vasiliy won by resignation"]

1. e4 e5 2. Nf3 Nc6 3. Bc4 Nf6 4. d3 Bc5 5. c3 d6 6. Bg5 h6 7. Bh4 O-O 8. Nbd2 Be6 9. b4 Bb6 10. a4 a5 11. b5 Ne7 12. Bxf6 gxf6 13. Nh4 d5 14.
Ba2 Kh7 15. Qf3 dxe4 16. Nxe4 Ng8 17. O-O Qe7 18. Nf5 Qd7 19. Neg3 Rad8 20. Bb1 Ne7 21. d4 Ng6 22. Qh5 Bxf5 23. Nxf5 1-0